 Dungeon Sprint DCSS version 0.17.2-1-ge4368a0 (webtiles) character file.

6147 mopl the Unseen (level 10, -7/55 HPs)
             Began as a Spriggan Assassin on Aug 23, 2016.
             Was a High Priest of Trog.
             Mangled by a demonic crawler (9 damage)
             ... in the Dungeon (Sprint I: "Red Sonja").
             The game lasted 00:06:43 (1304 turns).

mopl the Unseen (Spriggan Assassin)                 Turns: 1304, Time: 00:06:43

Health: -7/55      AC:  3    Str:  7    XL:     10   Next: 59%
Magic:  11/11      EV: 17    Int: 13    God:    Trog [*****.]
Gold:   239        SH:  0    Dex: 21    Spells: 0 memorised, 9 levels left

rFire  . . .     SeeInvis +     b - +0 blowgun
rCold  . . .     Clarity  .     c - +0 robe
rNeg   . . .     SustAt   .     (shield restricted)
rPois  .         Gourm    .     (helmet restricted)
rElec  .         Spirit   .     d - +0 cloak
rCorr  .         Warding  .     (gloves unavailable)
rMut   .         NoTele   +     (boots unavailable)
MR     +....                    (no amulet)
Stlth  +++++++++.               (no ring)
                                (no ring)

@: very quick, somewhat resistant to hostile enchantments, incredibly stealthy
A: unfitting armour, see invisible, herbivore 3, speed 3, slow metabolism 2
a: Berserk, Trog's Hand, Brothers in Arms, Burn Spellbooks, Renounce Religion


You were in the Dungeon.
You worshipped Trog.
Trog was extremely pleased with you.
You were not hungry.

You visited 1 branch You collected 1464 gold pieces.
You spent 1225 gold pieces at shops.

Inventory:

Hand Weapons
 a - a +2 dagger
 b - a +0 blowgun (weapon)
Missiles
 e - 8 poisoned needles (quivered)
 f - 3 curare-tipped needles
 y - 6 poisoned tomahawks
 C - 2 tomahawks of returning
Armour
 c - a +0 robe (worn)
 d - a +0 cloak (worn)
Wands
 u - a wand of disintegration (11)
Scrolls
 m - 3 scrolls of blinking
 o - 4 scrolls of remove curse
 p - 2 scrolls of identify
 q - 2 scrolls of enchant weapon
 r - a scroll of fog
 s - a scroll of recharging {unknown}
 v - a scroll of fear
Potions
 h - 4 potions of curing
 i - 3 potions of heal wounds
 j - a potion of haste
 k - 2 potions of magic
 l - a potion of berserk rage {!q}
 n - 2 potions of agility
 w - 2 potions of might
 x - 2 potions of cancellation
 z - a potion of flight
 A - a potion of lignification {unknown}
 B - a potion of resistance {unknown}
Miscellaneous
 t - a plain deck of summoning
Comestibles
 g - a bread ration


   Skills:
 + Level 7.4 Fighting
 + Level 9.7 Short Blades
 * Level 17.4 Throwing
 - Level 1.5 Dodging
 + Level 19.2 Stealth


You had 9 spell levels left.
You didn't know any spells.

Dungeon Overview and Level Annotations

Branches:
Dungeon (1/1)

Altars:
Cheibriados
Dithmenos
Elyvilon
Fedhas
Gozag
Kikubaaqudgha
Makhleb
Nemelex Xobeh
Okawaru
Qazlal
Ru
Sif Muna
Trog
Vehumet
Xom
Yredelemnul
Zin
The Shining One
Jiyva

Shops:
D (?}*:!(*?(=%*[%


Innate Abilities, Weirdness & Mutations

You are tiny and cannot use many weapons and most armour.
You have supernaturally acute eyesight.
You are a herbivore.
You cover ground extremely quickly.
You need consume almost no food.


Message History

Firing (i - inventory. (,) - cycle):
D - 2 needles of paralysis (quivered)
Press: ? - help, Shift-Dir - straight line, f/p - demonic crawler
Aim: a demonic crawler (clinging)
You shoot a needle of paralysis.
The needle of paralysis barely misses the demonic crawler.
The demonic crawler closely misses you. The demonic crawler hits you!
* * * LOW HITPOINT WARNING * * *
The demonic crawler closely misses you.
Firing (i - inventory. (,) - cycle):
D - a needle of paralysis (quivered)
Press: ? - help, Shift-Dir - straight line, f/p - demonic crawler
Aim: a demonic crawler (clinging)
You shoot a needle of paralysis.
The needle of paralysis barely misses the demonic crawler.
The demonic crawler hits you!
* * * LOW HITPOINT WARNING * * *
The demonic crawler hits you.
* * * LOW HITPOINT WARNING * * *
The demonic crawler closely misses you. The demonic crawler hits you!
You die...

########################*********
.#.)'..#.)'..#__#..'..)#,,*,,,,+,
.'..#.)'..#(.(..@s.#...##+#,****,
.#####'#####'#__####)..'.s#,*,***
.####..#...#§####§§#####ss+,*+*,*
.#__####..##§#≈§§§)#§§#*+##**,,,*
.#_..__##'#..§≈§§§§'.§#,,,,,*,,,*
⌠#_.∩...'..._#≈≈≈.§#§§#,,,,,+,,,,
##_..._##_.#'##§#####§###,,,*,,,,
,#_____###'#.#§%§[###.'.#,,,***++
##########.####§###.###.#,,***,,*


You could see a demonic crawler.

Vanquished Creatures
  2 centaur warriors (D)
  Sonja (D)
  A deep troll (D)
  2 unseen horrors (D)
  An oklob plant (D)
  2 kobold demonologists (D)
  A slime creature (D)
  4 trapdoor spiders (D)
  Sigmund (D)
  A yak (D)
  An ogre (D)
  A wasp (D)
  5 jellies (D)
  Ijyb (D)
  2 giant eyeballs (D)
26 creatures vanquished.

Vanquished Creatures (collateral kills)
  7 necrophages (D)
  3 jellies (D)
10 creatures vanquished.

Vanquished Creatures (others)
  A gargoyle (D)
1 creature vanquished.

Grand Total: 37 creatures vanquished

Notes
Turn   | Place    | Note
--------------------------------------------------------------
     0 | D        | mopl the Spriggan Assassin began the quest for the Orb.
     0 | D        | Reached XP level 1. HP: 10/10 MP: 2/2
     2 | D        | Noticed Ijyb
     5 | D        | Killed Ijyb
     5 | D        | Reached skill level 5 in Throwing
     5 | D        | Reached skill level 7 in Stealth
     5 | D        | Reached XP level 2. HP: 14/14 MP: 3/3
     8 | D        | Noticed an ogre
    11 | D        | Killed an ogre
    11 | D        | Reached skill level 8 in Throwing
    11 | D        | Reached skill level 10 in Stealth
    11 | D        | Reached XP level 3. HP: 18/18 MP: 4/4
    11 | D        | Reached XP level 4. HP: 22/22 MP: 5/5
    20 | D        | Noticed Sigmund
    23 | D        | Killed Sigmund
    23 | D        | Reached skill level 10 in Throwing
    23 | D        | Reached skill level 12 in Stealth
    23 | D        | Reached XP level 5. HP: 25/25 MP: 6/6
    23 | D        | Reached XP level 6. HP: 30/30 MP: 7/7
    36 | D        | Found a deep blue altar of Sif Muna.
    37 | D        | Noticed a jelly
    38 | D        | Found a radiant altar of Vehumet.
    42 | D        | Killed a jelly
    65 | D        | Found Syfydav's Antique Weapon Emporium.
    65 | D        | Found a white marble altar of Elyvilon.
    65 | D        | Found a stormy altar of Qazlal.
    65 | D        | Found a basalt altar of Yredelemnul.
    65 | D        | Found an iron altar of Okawaru.
    65 | D        | Found a sparkling altar of Nemelex Xobeh.
    65 | D        | Found a shimmering altar of Xom.
    65 | D        | Found an ancient bone altar of Kikubaaqudgha.
    65 | D        | Noticed a yak
    66 | D        | Found a burning altar of Makhleb.
    66 | D        | Found a sacrificial altar of Ru.
    66 | D        | Found a glowing golden altar of the Shining One.
    66 | D        | Found an opulent altar of Gozag.
    66 | D        | Found a glowing silver altar of Zin.
    67 | D        | Killed a yak
    67 | D        | Reached skill level 11 in Throwing
    67 | D        | Reached skill level 13 in Stealth
    68 | D        | Found a bloodstained altar of Trog.
    72 | D        | Became a worshipper of Trog the Wrathful
    90 | D        | Noticed Sonja
    91 | D        | Killed Sonja
    91 | D        | Reached skill level 13 in Throwing
    91 | D        | Reached skill level 15 in Stealth
    91 | D        | Reached XP level 7. HP: 33/33 MP: 8/8
    91 | D        | Reached XP level 8. HP: 37/37 MP: 9/9
   112 | D        | Noticed a deep troll
   162 | D        | Killed a deep troll
   162 | D        | Reached * piety under Trog
   162 | D        | Reached skill level 3 in Fighting
   162 | D        | Reached skill level 4 in Short Blades
   162 | D        | Reached skill level 14 in Throwing
   162 | D        | Reached skill level 16 in Stealth
   210 | D        | Found Plog's Armour Emporium.
   302 | D        | Found Zaevvug's Magic Scroll Boutique.
   310 | D        | Bought a scroll of blinking for 97 gold pieces
   310 | D        | Bought a scroll of identify for 26 gold pieces
   310 | D        | Bought a scroll of enchant weapon for 97 gold pieces
   310 | D        | Bought a scroll of identify for 26 gold pieces
   310 | D        | Bought a scroll of identify for 26 gold pieces
   310 | D        | Bought a scroll of blinking for 97 gold pieces
   310 | D        | Bought a scroll of fog for 26 gold pieces
   310 | D        | Bought a scroll of enchant weapon for 97 gold pieces
   330 | D        | Noticed a centaur warrior
   330 | D        | Noticed a centaur warrior
   333 | D        | Killed a centaur warrior
   333 | D        | Reached skill level 4 in Fighting
   333 | D        | Reached skill level 5 in Short Blades
   333 | D        | Reached skill level 15 in Throwing
   333 | D        | Reached XP level 9. HP: 43/46 MP: 10/10
   334 | D        | Killed a centaur warrior
   334 | D        | Reached ** piety under Trog
   334 | D        | Reached skill level 5 in Fighting
   334 | D        | Reached skill level 6 in Short Blades
   334 | D        | Reached skill level 17 in Stealth
   348 | D        | Found a viscous altar of Jiyva.
   348 | D        | Found a blossoming altar of Fedhas.
   348 | D        | Noticed a slime creature
   349 | D        | Found a snail-covered altar of Cheibriados.
   349 | D        | Found a shadowy altar of Dithmenos.
   351 | D        | Killed a slime creature
   351 | D        | Reached skill level 7 in Short Blades
   388 | D        | Bought a scroll of magic mapping for 45 gold pieces
   411 | D        | Noticed a wasp
   414 | D        | Killed a wasp
   424 | D        | Noticed an oklob plant
   426 | D        | Killed an oklob plant
   426 | D        | Reached skill level 16 in Throwing
   426 | D        | Reached skill level 18 in Stealth
   431 | D        | Noticed a trapdoor spider
   623 | D        | Killed a trapdoor spider
   623 | D        | Reached skill level 6 in Fighting
   722 | D        | Noticed a trapdoor spider
   726 | D        | Noticed a trapdoor spider
   737 | D        | Killed a trapdoor spider
   737 | D        | Reached *** piety under Trog
   737 | D        | Reached skill level 8 in Short Blades
   749 | D        | Killed a trapdoor spider
   749 | D        | Reached XP level 10. HP: 22/53 MP: 11/11
   758 | D        | Noticed a trapdoor spider
   759 | D        | Killed a trapdoor spider
   809 | D        | Killed a gargoyle
   939 | D        | Noticed an unseen horror
   939 | D        | Noticed an unseen horror
   943 | D        | Killed an unseen horror
   943 | D        | Reached **** piety under Trog
   945 | D        | Killed an unseen horror
   945 | D        | Reached skill level 9 in Short Blades
   945 | D        | Reached skill level 17 in Throwing
   967 | D        | Noticed a jelly
   967 | D        | Noticed a jelly
   967 | D        | Noticed a jelly
   967 | D        | Noticed a jelly
   967 | D        | Noticed a jelly
   967 | D        | Noticed a jelly
   967 | D        | Noticed a jelly
   969 | D        | Killed a jelly
   969 | D        | Reached skill level 7 in Fighting
   970 | D        | Killed a jelly
   972 | D        | Killed a jelly
   972 | D        | Reached ***** piety under Trog
   973 | D        | Killed a jelly
   977 | D        | Noticed a necrophage
   977 | D        | Noticed a necrophage
   996 | D        | Killed a jelly
   997 | D        | Killed a jelly
   998 | D        | Killed a jelly
  1012 | D        | Noticed a necrophage
  1013 | D        | Killed a necrophage
  1016 | D        | Killed a necrophage
  1016 | D        | Reached skill level 19 in Stealth
  1017 | D        | Noticed a necrophage
  1018 | D        | Noticed a necrophage
  1020 | D        | Killed a necrophage
  1022 | D        | Killed a necrophage
  1023 | D        | Noticed a necrophage
  1023 | D        | Noticed a necrophage
  1025 | D        | Killed a necrophage
  1031 | D        | Killed a necrophage
  1033 | D        | Killed a necrophage
  1055 | D        | Found Coriomis's Magic Scroll Shoppe.
  1055 | D        | Found Ugrouj's Distillery.
  1055 | D        | Found Ziveawihutz's Gadget Boutique.
  1057 | D        | Found Nauguvex's General Store.
  1057 | D        | Found Witzom's Book Shop.
  1057 | D        | Found Lellall's Distillery.
  1057 | D        | Found Cylar's Weapon Boutique.
  1057 | D        | Found Wysif Qixeym's General Store.
  1057 | D        | Found Yrghoguf's Magic Scroll Shop.
  1057 | D        | Found Uxe Rownit's Antique Weapon Shoppe.
  1058 | D        | Bought a scroll of remove curse for 42 gold pieces
  1058 | D        | Bought a scroll of fear for 49 gold pieces
  1058 | D        | Bought 2 scrolls of random uselessness for 28 gold pieces
  1058 | D        | Bought a scroll of amnesia for 49 gold pieces
  1061 | D        | Bought a potion of poison for 10 gold pieces
  1061 | D        | Bought a potion of degeneration for 10 gold pieces
  1063 | D        | Bought a potion of curing for 30 gold pieces
  1063 | D        | Bought a potion of curing for 30 gold pieces
  1063 | D        | Bought a potion of might for 40 gold pieces
  1063 | D        | Bought a potion of might for 40 gold pieces
  1063 | D        | Bought a potion of curing for 30 gold pieces
  1063 | D        | Bought a potion of heal wounds for 50 gold pieces
  1063 | D        | Bought 2 potions of cancellation for 160 gold pieces
  1063 | D        | Bought a potion of agility for 40 gold pieces
  1064 | D        | Found Amudobem's Jewellery Boutique.
  1065 | D        | Bought a potion of flight for 36 gold pieces
  1065 | D        | Found Punicant's Assorted Antiques.
  1065 | D        | Found Qutriary's Food Boutique.
  1066 | D        | Found Laowkaku's Food Emporium.
  1073 | D        | Bought a smoky amethyst potion for 22 gold pieces
  1073 | D        | Bought a green potion for 22 gold pieces
  1224 | D        | Noticed a kobold demonologist
  1225 | D        | Noticed a kobold demonologist
  1227 | D        | Received a gift from Trog
  1228 | D        | Killed a kobold demonologist
  1228 | D        | Received a gift from Trog
  1235 | D        | Killed a kobold demonologist
  1235 | D        | Received a gift from Trog
  1276 | D        | Noticed a demonic crawler
  1276 | D        | Noticed a demonic crawler
  1276 | D        | Noticed a demonic crawler
  1276 | D        | Noticed a demonic crawler
  1303 | D        | HP: 2/55 [demonic crawler (2)]
  1304 | D        | Mangled by a demonic crawler

Action                   |  1- 3 |  4- 6 |  7- 9 | 10-12 || total
-------------------------+-------+-------+-------+-------++-------
Melee: Dagger            |     2 |     3 |     5 |    18 ||    28
 Fire: Blowgun           |       |     1 |    19 |     7 ||    27
Invok: Berserk           |       |       |       |     1 ||     1
       Brothers in Arms  |       |       |       |     1 ||     1
  Use: Scroll            |       |       |     2 |       ||     2
       Potion            |       |       |     2 |       ||     2
 Stab: Sleeping          |     2 |     4 |     5 |     9 ||    20
